 Seeded DCSS version 0.30.1-9-gdf580d7c3d (webtiles) character file.

Game seed: 11633723325983345501 (custom seed)

3464 fireball365 the Cleaver (level 10, -5/80 HPs)
             Began as a Hill Orc Fighter on Oct 14, 2023.
             Was a Priest of Okawaru.
             Slain by a yak (7 damage)
             ... on level 8 of the Dungeon.
             The game lasted 00:11:12 (5593 turns).

fireball365 the Cleaver (Hill Orc Fighter)          Turns: 5593, Time: 00:11:13

Health: -5/80      AC: 15    Str: 30    XL:     10   Next: 6%
Magic:  10/10      EV:  8    Int:  3    God:    Okawaru [***...]
Gold:   453        SH: 20    Dex: 10    Spells: 9/9 levels left

rFire   + . .        a - +0 war axe
rCold   . . .        q - +1 tower shield
rNeg    . . .        H - +0 chain mail
rPois   .            (no helmet)
rElec   .            J - +2 cloak
rCorr   .            (no gloves)
SInv    +            e - +0 pair of boots
Will    ++...        G - amulet of reflection Stlth
                     m - ring "Zavo Jae" {rF+ Will++ Int-5 SInv}
HPRegen 0.33/turn    A - +6 ring of strength
MPRegen 0.12/turn

%: reflection
@: no status effects
A: no striking features
a: Renounce Religion, Heroism


You were on level 8 of the Dungeon.
You worshipped Okawaru.
Okawaru was most pleased with you.
You visited 1 branch of the dungeon, and saw 8 of its levels.

You collected 453 gold pieces.

Inventory:

Hand Weapons
 a - a +0 war axe (weapon)
 g - a +1 battleaxe of freezing
 B - a +1 antimagic bardiche
Missiles
 j - 2 throwing nets (quivered)
 o - 13 javelins
 s - 31 poisoned darts
 x - 5 curare-tipped darts
Armour
 e - a +0 pair of boots (worn)
 q - a +1 tower shield (worn)
 H - a +0 chain mail (worn)
 J - a +2 cloak (worn)
Jewellery
 m - the ring "Zavo Jae" (left hand) {rF+ Will++ Int-5 SInv}
   (You took it off a kobold on level 2 of the Dungeon)

   [ring of protection from fire]

   Int:       It affects your intelligence (-5).
   rF:        It protects you from fire.
   SInv:      It lets you see invisible.
   Will:      It greatly increases your willpower.
 y - an amulet of faith
 A - a +6 ring of strength (right hand)
 D - a +6 ring of strength
 G - an amulet of reflection (around neck)
Wands
 v - a wand of polymorph (5)
Scrolls
 f - 2 scrolls of enchant armour
 l - a scroll of fear
 r - a scroll of teleportation
 u - 2 scrolls of silence
 z - a scroll of poison
 C - 2 scrolls of enchant weapon {unknown}
 E - 3 scrolls of torment {unknown}
 F - 2 scrolls of magic mapping
 I - a scroll of fog {unknown}
Potions
 d - 4 potions of might
 h - a potion of mutation {unknown}
 k - 2 potions of ambrosia {unknown}
 n - a potion of heal wounds
 p - a potion of degeneration
 t - 4 potions of curing {unknown}
 w - a potion of cancellation {unknown}


   Skills:
 - Level 4.5 Fighting
 * Level 13.8 Axes
 + Level 6.7 Armour
 + Level 2.4 Dodging
 + Level 0.2 Stealth
 + Level 7.6 Shields


You had 9 spell levels left.
You didn't know any spells.
Your spell library contained the following spells:

 Spells                   Type           Power      Damage    Failure   Level
 Blink                    Tloc           0%         N/A       100%        2
 Ensorcelled Hibernation  Hex/Ice        0%         N/A       100%        2
 Passwall                 Tmut/Erth      0%         N/A       100%        2
 Static Discharge         Conj/Air       0%         2-2/arc   100%        2
 Gell's Gravitas          Tloc           0%         N/A       100%        3
 Swiftness                Air            0%         N/A       100%        3
 Teleport Other           Tloc           0%         N/A       100%        3
 Airstrike                Air            0%         2d(0-16)  100%        4
 Manifold Assault         Tloc           0%         N/A       100%        4
 Olgreb's Toxic Radiance  Pois           0%         N/A       100%        4
 Dispersal                Tloc           0%         N/A       100%        6
 Storm Form               Tmut/Air       0%         N/A       100%        7
 Discord                  Hex            0%         N/A       100%        8
 Ignition                 Fire           0%         3d3       100%        8
 Summon Ice Beast         Ice/Summ       Unusable   N/A       N/A         4
 Summon Lightning Spire   Summ/Air       Unusable   N/A       N/A         4
 Summon Mana Viper        Hex/Summ       Unusable   N/A       N/A         5
 Monstrous Menagerie      Summ           Unusable   N/A       N/A         7

Dungeon Overview and Level Annotations

Branches:
Dungeon (8/15)             Temple (0/1) D:4
   Lair: D:8-11

Altars:
Kikubaaqudgha
Okawaru
Sif Muna
Xom
The Shining One


Message History

A yak comes into view.
You have reached level 10!
You feel stronger.
You slash the yak!
The yak is moderately wounded.
You block the yak's attack.
You slash the yak!
The yak is heavily wounded.
The yak gores you.
* * * LOW HITPOINT WARNING * * *
You barely miss the yak.
The yak is heavily wounded.
The yak gores you.
* * * LOW HITPOINT WARNING * * *
You slice the yak!!
You kill the yak!
Okawaru accepts your kill.
You hear a bellow! x2
You hit the yak.
The yak is lightly wounded.
You block the yak's attack. You block the gnoll's attack.
You hit the yak but do no damage.
The yak is lightly wounded.
A yak comes into view.
The gnoll hits you but does no damage. You block the yak's attack.
You slice the yak!!
The yak is severely wounded.
You block the yak's attack. The gnoll hits you but does no damage.
You hit the yak.
The yak is severely wounded.
You block the yak's attack. You block the gnoll's attack.
You hit the yak but do no damage.
The yak is severely wounded.
The yak gores you!
* * * LOW HITPOINT WARNING * * *
The gnoll hits you but does no damage.
You hit the yak.
The yak is severely wounded.
The yak gores you!
You die...

## # # #. #.#.. .
#....# ..
#....###......
#.††#......
###@#....<.
.##.#####Y#......
....Yg..gg...#
.....YY#Y♣.P.#
.......#.....###
......##..)....#
........⌠..♣)..#
##..#g##.......#
...............#


You could see 2 yaks and 2 gnolls.

Vanquished Creatures
  8 yaks (D:8)
  A sky beast (D:6)
  2 black bears
  3 ice beasts
  An ogre (D:7)
  A centaur (D:7)
  5 phantoms
  2 kobold brigands (D:7)
  A bullfrog (D:6)
  A gnoll sergeant (D:8)
  3 scorpions
  3 wights (D:7)
  A howler monkey (D:7)
  A centaur zombie (D:4)
  A bullfrog skeleton (D:4)
  Crazy Yiuf (D:7)
  2 hounds
  A jelly (D:6)
  An iguana (D:7)
  3 scorpion zombies (D:4)
  A sleepcap (D:6)
  An orc wizard (D:5)
  A hound zombie (D:4)
  A hound skeleton (D:4)
  2 howler monkey zombies (D:4)
  2 gnolls (D:8)
  10 adders
  A white imp (D:6)
  3 adder skeletons (D:4)
  3 adder zombies (D:4)
  3 worms
  A dart slug (D:1)
  9 orcs
  9 endoplasms
  4 giant cockroaches
  6 goblins
  12 hobgoblins
  10 jackals
  3 quokkas
  10 ball pythons
  3 bats
  3 frilled lizards
  22 kobolds
  6 rats
168 creatures vanquished.

Vanquished Creatures (others)
  A kobold (D:7)
1 creature vanquished.

Grand Total: 169 creatures vanquished

Notes
Turn   | Place    | Note
-------+----------+-------------------------------------------
     0 | D:1      | fireball365 the Hill Orc Fighter began the quest for the
                  | Orb.
     0 | D:1      | Reached XP level 1. HP: 19/19 MP: 1/1
   123 | D:1      | Reached XP level 2. HP: 27/27 MP: 2/2
   199 | D:1      | Reached skill level 3 in Axes
   363 | D:1      | Reached XP level 3. HP: 27/33 MP: 3/3
   973 | D:2      | Reached XP level 4. HP: 41/41 MP: 4/4
   985 | D:2      | Reached skill level 4 in Axes
  1405 | D:2      | Identified the ring "Zavo Jae" {rF+ Will++ Int-5 SInv}
  1783 | D:3      | Reached XP level 5. HP: 43/47 MP: 5/5
  2427 | D:4      | Reached skill level 5 in Axes
  2491 | D:4      | Reached XP level 6. HP: 38/53 MP: 6/6
  2548 | D:4      | Reached skill level 6 in Axes
  2730 | D:4      | Found a shimmering blue altar of Sif Muna.
  3006 | D:4      | Reached skill level 7 in Axes
  3006 | D:4      | Reached XP level 7. HP: 60/60 MP: 7/7
  3110 | D:4      | Reached skill level 1 in Dodging
  3151 | D:4      | Found a shimmering altar of Xom.
  3152 | D:4      | Found a shimmering altar of Xom.
  3153 | D:4      | Found a shimmering altar of Xom.
  3153 | D:4      | Found a shimmering altar of Xom.
  3168 | D:4      | Found a staircase to the Ecumenical Temple.
  3192 | D:4      | Found a shimmering altar of Xom.
  3195 | D:4      | Found a shimmering altar of Xom.
  3195 | D:4      | Found a shimmering altar of Xom.
  3291 | D:5      | Entered Level 5 of the Dungeon
  3317 | D:5      | Reached skill level 8 in Axes
  3317 | D:5      | Reached skill level 5 in Armour
  3400 | D:5      | Identified a scroll of acquirement
  3400 | D:5      | Acquired a +1 antimagic bardiche
  3589 | D:5      | Reached skill level 9 in Axes
  3589 | D:5      | Reached XP level 8. HP: 51/67 MP: 8/8
  3779 | D:5      | Reached skill level 5 in Shields
  3919 | D:5      | Found an iron altar of Okawaru.
  3930 | D:5      | Became a worshipper of Warmaster Okawaru
  4208 | D:6      | Reached skill level 10 in Axes
  4341 | D:6      | Found a glowing golden altar of the Shining One.
  4416 | D:6      | Reached * piety under Okawaru
  4660 | D:6      | Reached skill level 11 in Axes
  4887 | D:7      | Reached XP level 9. HP: 65/72 MP: 9/9
  5061 | D:7      | Reached ** piety under Okawaru
  5143 | D:7      | Reached skill level 12 in Axes
  5244 | D:7      | Found an ancient bone altar of Kikubaaqudgha.
  5428 | D:7      | Found a runed translucent door.
  5429 | D:7      | Noticed Crazy Yiuf
  5437 | D:7      | Killed Crazy Yiuf
  5565 | D:8      | Reached skill level 13 in Axes
  5583 | D:8      | Reached *** piety under Okawaru
  5584 | D:8      | Reached XP level 10. HP: 10/80 MP: 10/10
  5592 | D:8      | HP: 1/80 [yak (8)]
  5593 | D:8      | Slain by a yak

Illustrated notes

Levels and vault maps discovered:
D:1:      heliophobic_arrival_glass_houses, layout_basic,
          hangedman_abyss_or_decor_stabs, minmay_box_of_dots
D:2:      layout_basic
D:3:      layout_basic
D:4:      layout_basic, led_sif_pool, nicolae_xom_altar_mimics,
          minmay_temple_entry_poolview, serial_undead, serial_undead_a,
          serial_undead_f, serial_undead_e, serial_undead_d, serial_undead_d,
          serial_undead_f, grunt_ministairs_6, minmay_pentomino_pile
D:5:      layout_loops_ring, hellmonk_okawaru_the_only_friend_you_need
D:6:      layout_basic, mainiacjoe_overflow_paths
D:7:      layout_basic, nicolae_kikubaaqudgha_miasma_corner,
          kennysheep_nondescript, minivault_19, uniq_crazy_yiuf_cottage
D:8:      layout_rooms, mainiacjoe_overflow_alcove_4, amcnicky_altar_gilded,
          eat_drink_and_be_merry_uskayaw, serial_demonic, serial_demonic_g,
          serial_demonic_e, serial_demonic_a, serial_demonic_g,
          reono_crystal_passage, minmay_hollow_rounded_squares, uniq_psyche

Skill      XL: |  1  2  3  4  5  6  7  8  9 |
---------------+----------------------------+-----
Fighting       | 4 |  4.5
Axes           | 3 4 5 7 9 11 13 | 13.8
Armour         | 4 5 6 |  6.7
Shields        | 4 5 7 |  7.6
Dodging        | 1 2 |  2.4
Stealth        | |  0.2

Action                     |  1- 3 |  4- 6 |  7- 9 | 10-12 || total
---------------------------+-------+-------+-------+-------++-------
  Melee: War axe           |   105 |   188 |   284 |    10 ||   587
    Use: Scroll            |       |     6 |     5 |       ||    11
 Armour: Scale mail        |    61 |   103 |    65 |       ||   229
         Chain mail        |       |       |    11 |     3 ||    14
  Dodge: Dodged            |    66 |    82 |    77 |       ||   225
  Block: Buckler           |    36 |    15 |       |       ||    51
         Tower shield      |       |   125 |   259 |     7 ||   391
         Reflection        |       |       |     9 |       ||     9
